 Dungeon Crawl Stone Soup version 0.29-a0-233-g1125b37a9b (webtiles) character file.

Game seed: 8694781833199017371

1536 PaleWalker the Zephyrmancer (level 8, -2/41 HPs)
             Began as a Deep Elf Air Elementalist on Mar 2, 2022.
             Killed from afar by a dart slug (4 damage)
             ... with a slug dart
             ... on level 6 of the Dungeon.
             The game lasted 00:21:04 (5643 turns).

PaleWalker the Zephyrmancer (DEAE)                  Turns: 5643, Time: 00:21:06

Health: -2/41      AC:  3    Str:  5    XL:     8   Next: 56%
Magic:  23/31      EV: 12    Int: 29    God:
Gold:   305        SH:  0    Dex: 15    Spells: 14/24 levels left

rFire   . . .      SeeInvis .   k - +1 demon trident (drain)
rCold   . . .      Faith    .   (no shield)
rNeg    . . .      Spirit   .   a - +0 robe
rPois   .          Reflect  .   (no helmet)
rElec   .          Harm     .   o - +0 cloak
rCorr   .          Rampage  .   (no gloves)
Will    .....                   (no boots)
Stlth   +.........              (no amulet)
HPRegen 0.13/turn               q - +6 ring of intelligence
MPRegen 0.22/turn               v - ring of magical power

@: very slow
A: no striking features
a: no special abilities


You were on level 6 of the Dungeon.
You visited 1 branch of the dungeon, and saw 6 of its levels.

You collected 305 gold pieces.

Inventory:

Hand Weapons
 k - a +1 demon trident of draining (weapon)
 n - the +5 trident of Defilement {flame, rElec rC- Will+++ Str-3}
   (You found it on level 3 of the Dungeon)

   It burns those it strikes, dealing additional fire damage.
   Str:       It affects your strength (-3).
   rC:        It makes you vulnerable to cold.
   rElec:     It insulates you from electricity.
   Will:      It greatly increases your willpower.
Missiles
 e - 5 atropa-tipped darts (quivered)
 z - 2 throwing nets
Armour
 a - a +0 robe (worn)
 o - a +0 cloak (worn)
 B - a +1 leather armour of poison resistance
Jewellery
 b - a ring of fire
 c - an amulet of guardian spirit
 q - a +6 ring of intelligence (left hand)
 v - a ring of magical power (right hand)
 A - a ring of positive energy
Wands
 x - a wand of iceblast (2)
 y - a wand of charming (6)
Scrolls
 f - a scroll of amnesia {unknown}
 h - a scroll of holy word {unknown}
 i - a scroll of noise
 l - 2 scrolls of magic mapping {unknown}
 p - 3 scrolls of teleportation {unknown}
 s - a scroll of immolation {unknown}
 t - 2 scrolls of enchant weapon {unknown}
 u - a scroll of torment {unknown}
Potions
 d - a potion of berserk rage
 j - 2 potions of curing
 m - a potion of degeneration
 r - 3 potions of ambrosia
 w - a potion of cancellation
 C - a potion of mutation


   Skills:
 - Level 2.4 Dodging
 - Level 2.4 Stealth
 + Level 8.6 Spellcasting
 - Level 1.1 Conjurations
 * Level 9.4 Air Magic


You had 14 spell levels left.
You knew the following spells:

 Your Spells              Type           Power      Damage    Failure   Level
a - Shock                 Conj/Air       100%       1d9       1%          1
b - Swiftness             Air            61%        N/A       1%          3
c - Static Discharge      Conj/Air       43%        N/A       1%          2
d - Airstrike             Air            30%        N/A       1%          4

Your spell library contained the following spells:

 Spells                   Type           Power      Damage    Failure   Level
 Magic Dart               Conj           72%        1d6       2%          1
 Mephitic Cloud           Conj/Pois/Air  32%        N/A       3%          3
 Call Imp                 Summ           12%        N/A       7%          2
 Summon Guardian Golem    Hex/Summ       12%        N/A       13%         3
 Orb of Destruction       Conj           9%         9d6       100%        7
 Spellforged Servitor     Conj/Summ      7%         N/A       100%        7


Dungeon Overview and Level Annotations

Branches:
Dungeon (6/15)
 Temple: D:4-7

Altars:
Trog

Annotations:
D:5 1 runed translucent door, CowFu's ghost, novice KoBr


Message History

Found a runed falchion.
Why would you want to do that?
An electric eel comes into view.
A dart slug and an electric eel come into view.
The electric eel shoots out a bolt of lightning at you!
The bolt of electricity hits you! The dart slug launches a dart at you.
The slug dart hits you. What are your orders? t - Shout!
Orders for allies: a - Attack new target. r - Retreat! s - Stop attacking. g - Guard the area. f - Follow me.
Anything else - Cancel.
Okay, then.
The electric eel shoots out a bolt of lightning at you!
The bolt of electricity hits you!
* * * LOW HITPOINT WARNING * * *
The electric eel shoots out a bolt of lightning at you!
The bolt of electricity hits you!
* * * LOW HITPOINT WARNING * * *
Casting: Airstrike (dangerous; 1% risk of failure)
Confirm with . or Enter, or press ? or * to list all spells.
Aiming: Airstrike (dangerous; 1% risk of failure)
Press: ? - help, Dir - move target, f - electric eel
Aim: an electric eel (empty space bonus: 7/8)
The air twists around and strikes the electric eel!
The electric eel is almost dead.
The electric eel shoots out a bolt of lightning at you!
The bolt of electricity misses you.
Casting: Airstrike (dangerous; 1% risk of failure)
Confirm with . or Enter, or press ? or * to list all spells.
Aiming: Airstrike (dangerous; 1% risk of failure)
Press: ? - help, Dir - move target, f/p - electric eel
Aim: an electric eel (water, almost dead, empty space bonus: 8/8)
The air twists around and strikes the electric eel!
You kill the electric eel!
The dart slug launches a dart at you. The slug dart hits you.
You die...

######'##.. #...
#.......#.###≈.≈≈
#.......#..#≈#≈≈≈≈
#.......#≈≈≈≈≈≈≈≈≈
#.......≈#≈≈≈..$≈≈
#.......#≈≈≈!≈..≈≈
#......≈≈≈≈≈≈≈.#≈#
....##≈≈≈≈≈≈≈≈.≈≈≈
....#.≈≈≈@≈≈≈$..≈≈
... #..≈≈≈≈≈≈8<.≈≈
.. #.†#≈≈≈≈≈...≈≈
#.†≈≈≈≈≈≈≈.#≈≈
#..≈≈≈≈≈≈..≈≈#
#...≈≈≈≈≈..:≈≈
#..#≈≈≈≈≈.)≈#≈
......w≈≈S≈≈≈≈≈
........≈#≈≈≈≈#


You could see an electric eel and a dart slug.

Vanquished Creatures
  Sigmund (D:5)
  2 water moccasins (D:5)
  2 black bears (D:5)
  2 phantoms
  2 scorpions (D:5)
  3 wights (D:5)
  2 electric eels (D:6)
  2 hounds (D:5)
  3 orc priests (D:5)
  Jessica (D:2)
  2 iguanas
  Ijyb (D:5)
  2 orc wizards
  8 gnolls
  6 adders
  2 worms (D:2)
  4 dart slugs (D:6)
  13 orcs
  4 bats
  3 endoplasms (D:3)
  3 giant cockroaches
  9 goblins
  4 hobgoblins
  4 jackals (D:1)
  8 kobolds
  3 quokkas
  7 ball pythons
  A frilled lizard (D:3)
  7 rats
111 creatures vanquished.

Notes
Turn   | Place    | Note
-------+----------+-------------------------------------------
     0 | D:1      | PaleWalker the Deep Elf Air Elementalist began the quest
                  | for the Orb.
     0 | D:1      | Reached XP level 1. HP: 10/10 MP: 6/6
   276 | D:1      | Reached XP level 2. HP: 13/15 MP: 2/8
   788 | D:1      | Found a faded altar of an unknown god.
  1213 | D:2      | Reached XP level 3. HP: 19/19 MP: 5/10
  1346 | D:2      | Reached skill level 4 in Air Magic
  1840 | D:2      | Reached XP level 4. HP: 11/24 MP: 9/12
  1888 | D:2      | Noticed Jessica
  1894 | D:2      | Killed Jessica
  1897 | D:2      | Reached skill level 5 in Air Magic
  2366 | D:3      | Identified the +5 trident of Defilement {flame, rElec rC-
                  | Will+++ Str-3}
  2384 | D:3      | Reached XP level 5. HP: 20/28 MP: 11/13
  2580 | D:3      | Learned a level 3 spell: Swiftness
  2583 | D:3      | Learned a level 2 spell: Static Discharge
  2588 | D:3      | Learned a level 4 spell: Airstrike
  2848 | D:3      | Reached skill level 5 in Spellcasting
  3769 | D:4      | Found a bloodstained altar of Trog.
  4055 | D:5      | Entered Level 5 of the Dungeon
  4055 | D:5      | Noticed CowFu's ghost (novice KoBr)
  4055 | D:5      | Found a runed translucent door.
  4074 | D:5      | Reached XP level 6. HP: 32/32 MP: 16/16
  4135 | D:5      | Reached skill level 6 in Air Magic
  4189 | D:5      | Noticed a water moccasin
  4195 | D:5      | Killed a water moccasin
  4293 | D:5      | Reached skill level 7 in Air Magic
  4293 | D:5      | Reached XP level 7. HP: 36/36 MP: 10/18
  4416 | D:5      | Noticed Ijyb
  4420 | D:5      | Killed Ijyb
  4584 | D:5      | Found a faded altar of an unknown god.
  4686 | D:5      | Reached skill level 8 in Air Magic
  4880 | D:5      | Reached XP level 8. HP: 41/41 MP: 21/21
  4988 | D:5      | Noticed Sigmund
  5013 | D:5      | Killed Sigmund
  5021 | D:5      | Reached skill level 9 in Air Magic
  5641 | D:6      | HP: 2/41 [electric eel/bolt of electricity (10)]
  5643 | D:6      | Killed from afar by a dart slug

Illustrated notes

Levels and vault maps discovered:
D:1:      scummos_arrival_star, layout_basic, chequers_ecumenical_altar_island
D:2:      minmay_spotlight, layout_rooms, grunt_decor_junction, uniq_jessica
D:3:      layout_rooms
D:4:      layout_loops_cross, mainiacjoe_overflow_24_doors
D:5:      layout_cave_pools, hellmonk_ghost_happy_afterlife,
          serial_column_ruins, column_ruins_temple_circle,
          column_ruins_columns_straight, column_ruins_corridor_dead_end,
          column_ruins_corridor_straight, column_ruins_open_small,
          column_ruins_grid_2, column_ruins_corridor_plus,
          column_ruins_open_tiny, minmay_puff, uniq_sigmund, uniq_ijyb
D:6:      kennysheep_slugbush, layout_gridville

Skill      XL: |  1  2  3  4  5  6  7  8 |
---------------+-------------------------+-----
Air Magic      | 4 5 7 8 9 |  9.4
Spellcasting   | 4 5 6 7 8 |  8.6
Dodging        | |  2.4
Stealth        | |  2.4
Conjurations   | |  1.1

Action                   |  1- 3 |  4- 6 |  7- 9 || total
-------------------------+-------+-------+-------++-------
Melee: Short sword       |     1 |       |       ||     1
       Demon trident     |     9 |     7 |     8 ||    24
       Trident           |       |     8 |       ||     8
 Cast: Shock             |    63 |    95 |     7 ||   165
       Airstrike         |       |     3 |    41 ||    44
  Use: Scroll            |       |       |     6 ||     6
       Potion            |       |       |     1 ||     1
Armor: Robe              |       |     2 |     1 ||     3
Dodge: Dodged            |     7 |    10 |    13 ||    30

Table legend: (Time is in decaauts)
 A = Elapsed time spent in this place.
 B = Non-inter-level travel time spent in this place.
 C = Inter-level travel time spent in this place.
 D = Time resting spent in this place.
 E = Time spent auto-exploring this place.
 F = Levels seen in this place.
 G = Mean time per level.
                   A        B        C        D        E       F      G
               +--------+--------+--------+--------+--------+-----+--------+
         Total |   5658 |   5552 |    106 |    381 |   4457 |   6 |  943.0 |
       Dungeon |   5658 |   5552 |    106 |    381 |   4457 |   6 |  943.0 |
               +--------+--------+--------+--------+--------+-----+--------+

Top non-repeatable levels by time:
     D:5: 1424 daAuts
     D:2: 1187 daAuts
     D:1: 1174 daAuts
     D:4: 998 daAuts
     D:3: 703 daAuts
     D:6: 169 daAuts
